 Dungeon Crawl Stone Soup version 0.27-a0-1586-gd5c625afe7 (webtiles) character file.

Game seed: 4965525360232191228

119 HAL9000 the Sneak (level 5, -4/26 HPs)
             Began as a Vine Stalker Brigand on July 18, 2021.
             Succumbed to an orc wizard's poison
             ... on level 2 of the Dungeon.
             The game lasted 00:02:48 (2896 turns).

HAL9000 the Sneak (Vine Stalker Brigand)            Turns: 2896, Time: 00:02:48

Health: -4/26      AC:  3    Str: 13    XL:     5   Next: 3%
Magic:  4/6        EV: 11    Int: 12    God:
Gold:   109        SH:  0    Dex: 16    Spells: 4/4 levels left

rFire    . . .     SeeInvis .   s - +1 hunting sling (flame)
rCold    . . .     Faith    .   (no shield)
rNeg     + . .     Spirit   +   b - +0 robe
rPois    .         Reflect  .   (no helmet)
rElec    .         Harm     .   c - +0 cloak
rCorr    .         Rampage  .   (no gloves)
Will     .....                  (no boots)
Stlth    +++.......             (no amulet)
HPRegen  1.08/turn              g - ring of positive energy
MPRegen  0.10/turn              (no ring)

@: lethally poisoned (-4 -> -22)
A: fangs 2, regeneration 1, magic shield, antimagic bite, no potion heal 2
a: no special abilities


You were on level 2 of the Dungeon.
You visited 1 branch of the dungeon, and saw 2 of its levels.

You collected 109 gold pieces.

Inventory:

Hand Weapons
 a - a +2 dagger
 s - a +1 hunting sling of flaming (weapon)
Missiles
 d - 21 poisoned darts
 e - 2 curare-tipped darts
 i - 3 javelins
 t - 47 stones (quivered ammo)
Armour
 b - a +0 robe (worn)
 c - a +0 cloak (worn)
Jewellery
 g - a ring of positive energy (left hand)
 u - a +6 ring of intelligence
Scrolls
 l - a scroll of immolation {unknown}
 m - a scroll of amnesia {unknown}
 n - a scroll of magic mapping {unknown}
 o - a scroll of vulnerability {unknown}
 p - 3 scrolls of identify {unknown}
 r - a scroll of enchant armour {unknown}
Potions
 f - a potion of curing {unknown}
 h - a potion of flight {unknown}
 j - 5 potions of brilliance {unknown}
 k - a potion of heal wounds {unknown}
 q - a potion of degeneration {unknown}


   Skills:
 - Level 1.7 Fighting
 + Level 2.8 Short Blades
 - Level 4.0 Throwing
 - Level 0.7 Dodging
 - Level 4.8 Stealth


You had 4 spell levels left.
You didn't know any spells.
Your spell library contained the following spells:

 Spells                   Type           Power      Damage    Failure   Level
 Call Canine Familiar     Summ           0%         N/A       69%         3
 Portal Projectile        Hex/Tloc       0%         N/A       69%         3
 Animate Armour           Summ/Erth      0%         N/A       97%         4
 Leda's Liquefaction      Hex/Erth       0%         N/A       97%         4
 Blade Hands              Tmut           0%         N/A       100%        5
 Iron Shot                Conj/Erth      0%         9d1       100%        6


Dungeon Overview and Level Annotations

Branches:
Dungeon (2/15)

Altars:

Shops:
D:1 *


Innate Abilities, Weirdness & Mutations

You have extremely sharp teeth.
Your natural rate of healing is unusually fast.
When hurt, damage is shared between your health and your magic reserves.
Your bite disrupts and absorbs the magic of your enemies.
Potions cannot restore your health.


Message History

The stone burns the orc priest.
The orc priest is heavily wounded.
You feel sick.
You hear some strange, mumbled words.
You are confused.
You are too confused!
You are too confused!
You are too confused!
Unknown command.
Non-targeted confused fire: 49 stones
Press: ? - help, Q - select action, (/) - cycle Dir - look around, f - activate You shoot a stone.
You feel sick. Something hits you but does no damage.
You barely miss something.
You feel sick. Something hits you.
You are more poisoned.
Something hits you.
Unknown command.
Non-targeted confused fire: 48 stones
Press: ? - help, Q - select action, (/) - cycle Dir - look around, f - activate Look: an orc priest, wielding a +0 dagger and wearing a +0 ring mail (heavily wounded, 48% to hit)
You shoot a stone.
You feel very sick. Something hits you.
You are more poisoned.
You're too confused to move!
You feel very sick.
The orc priest begins to cast a cantrip, but forgets the words!
Something hits you.
You bump into the stone wall.
You feel very sick. Something hits you.
* * * LOW HITPOINT WARNING * * *
You are lethally poisoned!
You bump into the rock wall.
* * * LOW HITPOINT WARNING * * *
You feel very sick. Something hits you but does no damage.
You are more poisoned.
You feel less confused.
You die...

.# #(#.......#. #
.#
#.#o8o..8.#.######
.#
#(#.......#.#.....
##
#(#.o.....#.#.)...
#.#.......#.#.....
#o#.8...8.#.#.....
#{#.......#.#.....
#(##.....##.#.....
############
#@###$⌠$###.......
......)....#
#..#######...#####
##########.#
##...........#
#.....#.####
#####......##
##<...#..<.#
########
###.#####.#
#.......#
#########


You could see an orc priest.

Vanquished Creatures
  3 gnolls (D:2)
  2 adders (D:2)
  A worm (D:2)
  A dart slug (D:1)
  2 orcs (D:2)
  3 ball pythons
  4 endoplasms
  3 giant cockroaches
  6 goblins
  5 hobgoblins
  10 jackals
  9 bats
  A frilled lizard (D:1)
  3 kobolds
  4 rats
57 creatures vanquished.

Notes
Turn   | Place    | Note
-------+----------+-------------------------------------------
     0 | D:1      | HAL9000 the Vine Stalker Brigand began the quest for the
                  | Orb.
     0 | D:1      | Reached XP level 1. HP: 11/11 MP: 2/2
   204 | D:1      | Reached XP level 2. HP: 12/15 MP: 3/3
   261 | D:1      | Found Josac's Assorted Antiques.
   882 | D:1      | Reached XP level 3. HP: 18/18 MP: 4/4
  2010 | D:2      | Gained mutation: Your natural rate of healing is unusually
                  | fast. [Vine Stalker growth]
  2010 | D:2      | Reached XP level 4. HP: 23/23 MP: 5/5
  2580 | D:2      | Found a faded altar of an unknown god.
  2871 | D:2      | Reached XP level 5. HP: 26/26 MP: 6/6
  2895 | D:2      | HP: 1/26 [poisoned by an orc wizard]
  2896 | D:2      | Succumbed to an orc wizard's poison

Illustrated notes

Levels and vault maps discovered:
D:1:      dpeg_arrival_arbitrary_a, layout_loops_ring, serial_shops, shop
D:2:      cheibrodos_pilgrimage, layout_basic, basic_ecumenical_altar

Skill      XL: |  1  2  3  4 |
---------------+-------------+-----
Throwing       | 2 3 4 |  4.0
Short Blades   | 2 |  2.8
Fighting       | |  1.7
Dodging        | |  0.7
Stealth        | |  4.8

Action                   |  1- 3 |  4- 6 || total
-------------------------+-------+-------++-------
Melee: Dagger            |   102 |    29 ||   131
       Bite              |    20 |     5 ||    25
       Hunting sling     |       |     1 ||     1
 Fire: Hunting sling     |       |    21 ||    21
Throw: Dart              |     2 |     5 ||     7
 Stab: Sleeping          |    12 |     6 ||    18
Armor: Robe              |    25 |     5 ||    30
Dodge: Dodged            |    53 |    20 ||    73

Table legend: (Time is in decaauts)
 A = Elapsed time spent in this place.
 B = Non-inter-level travel time spent in this place.
 C = Inter-level travel time spent in this place.
 D = Time resting spent in this place.
 E = Time spent auto-exploring this place.
 F = Levels seen in this place.
 G = Mean time per level.
                   A        B        C        D        E       F      G
               +--------+--------+--------+--------+--------+-----+--------+
         Total |   2883 |   2652 |    231 |    900 |   1334 |   2 | 1441.5 |
       Dungeon |   2883 |   2652 |    231 |    900 |   1334 |   2 | 1441.5 |
               +--------+--------+--------+--------+--------+-----+--------+

Top non-repeatable levels by time:
     D:1: 1501 daAuts
     D:2: 1382 daAuts
